 Dungeon Crawl Stone Soup version 0.23-a0-655-g3751e1c (console) character file.

5 Duffy the Firebug (level 1, 0/13 HPs)
             Began as a Demonspawn Fire Elementalist on Jan 7, 2019.
             Slain by an adder (2 damage)
             ... on level 2 of the Dungeon.
             The game lasted 00:00:16 (90 turns).

Duffy the Firebug (Demonspawn Fire Elementalist)      Turns: 90, Time: 00:00:17

Health: 0/13       AC:  2    Str:  8    XL:     1   Next: 66%
Magic:  1/12       EV: 12    Int: 16    God:
Gold:   0          SH:  0    Dex: 13    Spells: 3/4 levels left

rFire    . . .     SeeInvis .   (no weapon)
rCold    . . .     Gourm    .   (no shield)
rNeg     . . .     Faith    .   a - +0 robe
rPois    .         Spirit   .   (no helmet)
rElec    .         Reflect  .   (no cloak)
rCorr    .         Harm     .   (no gloves)
MR       .....                  (no boots)
Stlth    +.........             (no amulet)
HPRegen  0.04/turn              e - ring of magical power
MPRegen  0.13/turn              f - ring of attention (curse)

@: lethally poisoned (0 -> -7), very slightly contaminated
A: no striking features
a: no special abilities


You were on level 2 of the Dungeon.
You were not hungry.

You visited 1 branch of the dungeon, and saw 2 of its levels.

Inventory:

Armour
 a - a +0 robe (worn)
Jewellery
 e - a ring of magical power (left hand)
 f - a cursed ring of attention (right hand)
Potions
 b - a potion of brilliance {unknown}
 g - a potion of resistance {unknown}
Comestibles
 c - a ration
 d - 2 chunks of flesh


   Skills:
 - Level 1.7 Dodging
 - Level 1.7 Stealth
 - Level 2.0 Spellcasting
 + Level 1.8 Conjurations
 - Level 2.6 Fire Magic


You had 3 spell levels left.
You knew the following spells:

 Your Spells              Type           Power        Failure   Level  Hunger
h - Flame Tongue          Conj/Fire      #....        9%          1    #......

Your spell library contained the following spells:

 Spells                   Type           Power        Failure   Level  Hunger
 Throw Flame              Conj/Fire      #.....       12%         2    ###....
 Conjure Flame            Conj/Fire      #.......     24%         3    ###....
 Inner Flame              Hex/Fire       #.......     34%         3    ###....
 Sticky Flame             Conj/Fire      #.......     63%         4    #####..
 Fireball                 Conj/Fire      #.........   92%         5    ######.


Dungeon Overview and Level Annotations

Branches:
Dungeon (2/15)

Altars:


Message History

The flame tongue misses the adder.
The adder bites you.
Casting: Flame Tongue (safe; 9% risk of failure)
Confirm with . or Enter, or press ? or * to list all spells.
Aiming: Flame Tongue (safe; 9% risk of failure)
Press: ? - help, Shift-Dir - straight line, f/p - adder
Aim: an adder The flame tongue hits the adder.
The adder is heavily wounded.
The adder bites you.
You are lethally poisoned!
The adder poisons you! The adder bites you but does no damage.
Casting: Flame Tongue (safe; 9% risk of failure)
Confirm with . or Enter, or press ? or * to list all spells.
Aiming: Flame Tongue (safe; 9% risk of failure)
Press: ? - help, Shift-Dir - straight line, f/p - adder
Aim: an adder (heavily wounded)
The flame tongue hits the adder.
The adder is severely wounded.
You feel sick. The adder bites you.
You die...

#..# ...# .#
#... ..# ...
#a. .. ###.. .#
#.#.##.#
P#.#@.# #.#S##
#...#
..#########.$.#
........#.....#
#...<........?#
.#...........##
........#....##
##......##....#


You could see an adder.

Vanquished Creatures
  A dart slug (D:2)
  A giant cockroach (D:2)
  A hobgoblin (D:2)
3 creatures vanquished.

Notes
Turn   | Place    | Note
-------+----------+-------------------------------------------
     0 | D:1      | Duffy the Demonspawn Fire Elementalist began the quest for
                  | the Orb.
     0 | D:1      | Reached XP level 1. HP: 13/13 MP: 3/3
    76 | D:2      | Noticed a worker ant
    90 | D:2      | Slain by an adder

Vault maps used:
D:1:      dpeg_arrival_fog, moated_statue
D:2:      serial_aquarium, aquarium_bridge_long_joined, aquarium_window_fake,
          aquarium_window_1, aquarium_view_2f, aquarium_view_2c,
          aquarium_balcony_1b, chequers_jeans

Action                   || total
-------------------------++-------
 Cast: Flame Tongue      ||     7
Armor: Robe              ||     1

Table legend:
 A = Non-vault XP
 B = Vault XP
 C = Vault XP percentage of total XP
 D = Non-vault monster count
 E = Vault monster count
 F = Vault count percentage of total count
                 A         B        C        D         E       F
            +---------+---------+-------+---------+---------+-------
      Total |       8 |       0 |   0.0 |       3 |       0 |   0.0
            +---------+---------+-------+---------+---------+-------
        D:2 |       8 |       0 |   0.0 |       3 |       0 |   0.0
            +---------+---------+-------+---------+---------+-------
